 Dungeon Crawl Stone Soup version 0.31-a0-240-gb923e448b6 (webtiles) character file.

Game seed: 9895061986779256936

95 qw the Shooter (level 4, -2/26 HPs)
             Began as a Gargoyle Hexslinger on July 12, 2023.
             Slain by Sigmund
             ... wielding a +4 scythe of venom
              (5 damage)
             ... on level 3 of the Dungeon.
             The game lasted 00:00:36 (1921 turns).

qw the Shooter (Gargoyle Hexslinger)                Turns: 1921, Time: 00:00:37

Health: -2/26      AC:  9    Str: 11    XL:     4   Next: 66%
Magic:  5/5        EV: 10    Int: 14    God:
Gold:   72         SH:  0    Dex: 14    Spells: 4/5 levels left

rFire   . . .        b - +4 shortbow (drain)
rCold   . . .        (shield currently unavailable)
rNeg    + . .        g - +0 ring mail
rPois   inf          (no helmet)
rElec   +            i - +0 cloak
rCorr   .            (no gloves)
SInv    .            (no boots)
Will    .....        (no amulet)
Stlth   +            (no ring)
HPRegen 0.24/turn    (no ring)
MPRegen 0.09/turn

%: no passive effects
@: no status effects
A: sickness immunity, AC +3, negative energy resistance 1, electricity
resistance, torment resistance 1, petrification resistance
a: no special abilities


You were on level 3 of the Dungeon.
You visited 1 branch of the dungeon, and saw 3 of its levels.

You collected 169 gold pieces.
You spent 97 gold pieces at shops.


Innate Abilities, Weirdness & Mutations

You are immune to sickness and miasma.
Your stone body is resilient. (AC +3)
You are immune to poison.
You resist negative energy. (rN+)
You are resistant to electric shocks. (rElec)
You are resistant to unholy torment.
You are immune to petrification.


   Skills:
 - Level 2.0 Fighting
 + Level 4.2 Ranged Weapons
 - Level 1.2 Armour
 - Level 1.5 Dodging
 - Level 1.0 Spellcasting
 - Level 2.6 Hexes


You had 4 spell levels left.
You knew the following spells:

 Your Spells              Type           Power      Damage    Failure   Level
a - Slow                  Hex            32%        N/A       21%         1

Your spell library contained the following spells:

 Spells                   Type           Power      Damage    Failure   Level
 Inner Flame              Hex/Fire       4%         N/A       71%         3
 Portal Projectile        Hex/Tloc       8%         N/A       71%         3
 Cause Fear               Hex            4%         N/A       90%         4

Inventory:

Hand Weapons
 b - a +4 shortbow of draining (weapon)
Armour
 g - a +0 ring mail (worn)
 i - a +0 cloak (worn)
Potions
 a - a potion of attraction {unknown}
 c - a potion of might {unknown}
 d - a potion of haste {unknown}
 e - a potion of enlightenment {unknown}
 f - a potion of curing {unknown}
 h - a potion of invisibility {unknown}

Dungeon Overview and Level Annotations

Branches:
Dungeon (3/15)

Altars:

Shops:
D:1 (:[*:

Annotations:
D:2 1 runed translucent door, Crazy Yiuf
D:3 Sigmund


Message History

Something appears at your feet!
b - a +4 shortbow of draining You see here a scarf of harm.
1878 ||| SWAPPING to +4 shortbow of draining.
You sense an unholy aura.
b - a +4 shortbow of draining (weapon)
1879 ||| DROPPING +2 sling.
You drop a +2 sling.
Crazy Yiuf screams, "Scoff canine hand!"
Could not explore, unopened runed door.
(D) Dungeon
Where to? (* - list waypoints, Enter - D:2, ? - help)
What level of the Dungeon? (default 1, ? - help)
You see here a +0 hammer.
There is a stone staircase leading down here.
You climb downwards.
There is a stone staircase leading up here.
Waypoint 2 assigned to D:3.
Sigmund the Dreaded comes into view.
He is wielding a +4 scythe of venom.
Sigmund shouts!
Sigmund gestures at you while chanting.
You are confused.
A gnoll comes into view. It is wielding a +0 halberd.
A gnoll comes into view. It is wielding a +0 club.
The gnoll shouts!
A gnoll comes into view. It is wielding a +0 spear.
The gnoll shouts!
A frilled lizard comes into view.
Sigmund mumbles some strange words.
Sigmund flickers and vanishes!
Deactivating autopickup; reactivate with Ctrl-A.
You feel less confused.
The frilled lizard hisses angrily.
You shoot an arrow. The arrow hits the gnoll.
You drain the gnoll.
The gnoll is severely wounded.
The gnoll hits you with a +0 club. Something hits you!
You shoot an arrow. The arrow barely misses the gnoll.
The gnoll hits you from afar with a +0 halberd!
Ouch! That really hurt!
The gnoll hits you with a +0 club. Something hits you.
You die...

########
###..<...#
#g@.####.#
#g.###
.l.{#
..$..g
....# ....
... ..


You could see 3 gnolls and a frilled lizard.

Vanquished Creatures
  Terence (D:2)
  3 adders (D:2)
  2 dart slugs (D:1)
  4 bats
  An endoplasm (D:1)
  A giant cockroach (D:1)
  4 goblins
  4 hobgoblins
  8 kobolds
  A quokka (D:2)
  4 ball pythons
  2 frilled lizards (D:1)
  7 rats
42 creatures vanquished.

Notes
Turn   | Place    | Note
-------+----------+-------------------------------------------
     0 | D:1      | qw the Gargoyle Hexslinger began the quest for the Orb.
     0 | D:1      | Reached XP level 1. HP: 12/12 MP: 2/2
     0 | D:1      | 0 ||| qw: Version: 0.3-a-52-g30416fa
     0 | D:1      | 0 ||| qw: Game counter: 6152
     0 | D:1      | 0 ||| qw: Melee chars always use a shield: true
     0 | D:1      | 0 ||| qw: God list: Okawaru
     0 | D:1      | 0 ||| qw: Allow faded altars: false
     0 | D:1      | 0 ||| qw: Do Orc after clearing Dungeon:15 true
     0 | D:1      | 0 ||| qw: Do second Lair branch before Depths: true
     0 | D:1      | 0 ||| qw: Lair rune preference: random
     0 | D:1      | 0 ||| qw: Goals: Normal
     0 | D:1      | 0 ||| PLANNING D:1-11
   205 | D:1      | Reached XP level 2. HP: 16/16 MP: 3/3
   421 | D:1      | Reached skill level 3 in Ranged Weapons
   534 | D:1      | Found Fockiniv's Book Boutique.
   566 | D:1      | Found Jeitap's Antique Armour Emporium.
   572 | D:1      | 572 ||| SHOPLISTING glowing ring mail (168 gold, have 70).
   572 | D:1      | 572 ||| SHOPLISTING pair of embroidered gloves (180 gold,
                  | have 70).
   572 | D:1      | 572 ||| SHOPLISTING pair of gloves (108 gold, have 70).
   572 | D:1      | 572 ||| SHOPLISTING runed scarf (192 gold, have 70).
   598 | D:1      | Found Ecaczo's Antique Weapon Emporium.
   613 | D:1      | Reached XP level 3. HP: 21/21 MP: 4/4
   802 | D:1      | Found Rixivil's General Store.
   806 | D:1      | 806 ||| SHOPLISTING +0 helmet of see invisible (149 gold,
                  | have 99).
   806 | D:1      | 806 ||| BUYING scroll of enchant weapon (97 gold).
   806 | D:1      | Bought a scroll of enchant weapon for 97 gold pieces
   806 | D:1      | 806 ||| SHOPLISTING scroll of identify (26 gold, have 2).
   806 | D:1      | 806 ||| SHOPLISTING scroll of teleportation (39 gold, have
                  | 2).
   806 | D:1      | 806 ||| READING scroll of enchant weapon.
   806 | D:1      | 806 ||| ENCHANTING +1 sling.
   985 | D:1      | Found Hoale's Book Shop.
  1019 | D:1      | 1019 ||| UPGRADING to +0 ring mail.
  1029 | D:1      | 1029 ||| DROPPING +0 robe.
  1030 | D:1      | 1030 ||| READING scroll labelled PUNITHRIT ETWIY.
  1031 | D:1      | 1031 ||| DROPPING scroll of poison.
  1116 | D:2      | Noticed Terence
  1131 | D:2      | Killed Terence
  1132 | D:2      | Reached skill level 4 in Ranged Weapons
  1132 | D:2      | Reached XP level 4. HP: 11/26 MP: 5/5
  1325 | D:2      | Found a runed translucent door.
  1326 | D:2      | Noticed Crazy Yiuf
  1411 | D:2      | Reached skill level 1 in Armour
  1870 | D:2      | 1870 ||| UPGRADING to +0 cloak.
  1875 | D:2      | 1875 ||| DROPPING scarf of harm.
  1876 | D:2      | 1876 ||| READING scroll labelled JEHIAC AMNECIMN.
  1876 | D:2      | Identified a scroll of acquirement
  1876 | D:2      | 1876 ||| ACQUIRING +4 shortbow of draining
  1876 | D:2      | Acquired a +4 shortbow of draining
  1878 | D:2      | 1878 ||| SWAPPING to +4 shortbow of draining.
  1879 | D:2      | 1879 ||| DROPPING +2 sling.
  1913 | D:3      | Noticed Sigmund
  1921 | D:3      | HP: 4/26 [gnoll/+0 halberd (13)]
  1921 | D:3      | Slain by Sigmund

Levels and vault maps discovered:
D:1:      dpeg_arrival_central, layout_basic, serial_rivers,
          chequers_serial_rivers_micro_a, chequers_serial_rivers_room_a,
          chequers_serial_rivers_micro_a, chequers_serial_rivers_large_b,
          serial_shops, nicolae_shop_crystal, shop, shop, shop, shop,
          minmay_misc_feat_room, minmay_tromino_v4_a
D:2:      layout_loops_ring, uniq_terence, uniq_crazy_yiuf_cottage
D:3:      layout_rooms, nrook_mini_backslash, nicolae_elevator_lobby_asterisk,
          uniq_sigmund, uniq_grinder, uniq_jessica

Skill      XL: |  1  2  3  4 |
---------------+-------------+-----
Ranged Weapons | 3 4 |  4.2
Fighting       | 2 |  2.0
Armour         | 1 |  1.2
Dodging        | |  1.5
Spellcasting   | |  1.0
Hexes          | |  2.6

Action                     |  1- 3 |  4- 6 || total
---------------------------+-------+-------++-------
   Fire: Sling             |    94 |    46 ||   140
         Shortbow          |       |     2 ||     2
    Use: Scroll            |     2 |     1 ||     3
 Armour: Robe              |     2 |       ||     2
         Ring mail         |    10 |    11 ||    21
  Dodge: Dodged            |    21 |    11 ||    32

Table legend:
 A = Non-vault XP
 B = Vault XP
 C = Vault XP percentage of total XP
 D = Non-vault monster count
 E = Vault monster count
 F = Vault count percentage of total count
                 A         B        C        D         E       F
            +---------+---------+-------+---------+---------+-------
      Total |      92 |      45 |  32.8 |      38 |       4 |   9.5
            +---------+---------+-------+---------+---------+-------
        D:1 |      28 |       9 |  24.3 |      18 |       3 |  14.3
        D:2 |      64 |      36 |  36.0 |      20 |       1 |   4.8
            +---------+---------+-------+---------+---------+-------
